 Dungeon Crawl Stone Soup version 0.22-a0-76-gd698a02 (webtiles) character file.

77 KristoblXynda the Chopper (level 4, -7/36 HPs)
             Began as a Draconian Gladiator on Jan 13, 2018.
             Mangled by an ogre
             ... wielding a +0 giant club
              (26 damage)
             ... on level 3 of the Dungeon.
             The game lasted 00:02:31 (1992 turns).

KristoblXynda the Chopper (Draconian Gladiator)     Turns: 1992, Time: 00:02:31

Health: -7/36      AC:  5    Str: 16    XL:     4   Next: 13%
Magic:  4/4        EV: 13    Int:  9    God:
Gold:   120        SH:  0    Dex: 13    Spells: 3/3 levels left

rFire    . . .     SeeInvis .   a - +0 war axe
rCold    . . .     Gourm    .   (no shield)
rNeg     . . .     Faith    .   (armour unavailable)
rPois    .         Spirit   .   b - +0 hat
rElec    .         Reflect  .   (no cloak)
rCorr    .         Harm     .   (no gloves)
MR       .....                  (no boots)
Stlth    +.........             (no amulet)
HPRegen  0.12/turn              (no ring)
MPRegen  0.09/turn              (no ring)

@: no status effects
A: unfitting armour, cold-blooded, AC +5
a: no special abilities


You were on level 3 of the Dungeon.
You were not hungry.

You visited 1 branch of the dungeon, and saw 3 of its levels.

You collected 120 gold pieces.

Inventory:

Hand Weapons
 a - a +0 war axe (weapon)
Missiles
 c - 3 throwing nets (quivered)
Armour
 b - a +0 hat (worn)
Jewellery
 o - an uncursed ring of wizardry {unknown}
Wands
 n - a wand of polymorph (11)
Scrolls
 e - 2 scrolls of remove curse {unknown}
 i - 2 scrolls of teleportation {unknown}
 k - a scroll of enchant armour {unknown}
 l - a scroll of magic mapping {unknown}
 m - 4 scrolls of identify {unknown}
 p - a scroll of random uselessness {unknown}
Potions
 f - 2 potions of lignification {unknown}
 g - 3 potions of curing {unknown}
 h - a potion of invisibility {unknown}
 j - a potion of flight {unknown}
 r - a potion of resistance {unknown}
 s - a potion of haste {unknown}
Comestibles
 d - 3 rations
 q - 2 chunks of flesh


   Skills:
 - Level 2.1 Fighting
 + Level 3.7 Axes
 + Level 2.7 Throwing
 + Level 3.4 Dodging


You had 3 spell levels left.
You didn't know any spells.

Dungeon Overview and Level Annotations

Branches:
Dungeon (3/15)

Altars:
Elyvilon
Vehumet


Innate Abilities, Weirdness & Mutations

Your plain brown scales are hard. (AC +5)
You cannot fit into any form of body armour.
You are cold-blooded and may be slowed by cold attacks.


Message History

Found 14 gold pieces.
The ogre shouts!
Found a scroll labeled JAM FO SUOR.
You hit the goblin but do no damage.
The goblin hits you with a dagger of venom.
The goblin closely misses you.
You barely miss the goblin.
Your tail-slap misses the goblin.
You hit the ogre. The goblin closely misses you. The ogre barely misses you.
You hit the goblin but do no damage. The goblin closely misses you.
The ogre closely misses you.
You hit the goblin.
You kill the goblin!
The ogre misses you. The ogre hits you with a giant club!!
Ouch! That really hurt!
You barely miss the ogre. You tail-slap the ogre.
The ogre is moderately wounded.
The ogre hits you with a giant club!!
Ouch! That really hurt!
You die...

#.# #...# ._. #...# #.. . #.#
#...####.## .# #.# #.....
...###.#.
#####.########...####..#..$..
#.....#.....................
..##.....................#
#.##.##.........(..%.....#
.....#########..@O..)....#
.....### #...######......
#....... #.>.# ..... #.#..##.
#...# #?## .....# ...... #
#.##.# .####### #.##.##.#.#
........... #####.###>#


You could see an ogre.

Vanquished Creatures
  3 adders (D:2)
  An ooze (D:1)
  2 worms
  3 dart slugs
  2 leopard geckos (D:1)
  3 giant cockroaches
  4 goblins
  A hobgoblin (D:1)
  4 bats
  A frilled lizard (D:1)
  6 kobolds (D:1)
  7 rats
37 creatures vanquished.

Notes
Turn   | Place    | Note
-------+----------+-------------------------------------------
     0 | D:1      | KristoblXynda the Draconian Gladiator began the quest for the Orb.
     0 | D:1      | Reached XP level 1. HP: 17/17 MP: 1/1
   169 | D:1      | Reached XP level 2. HP: 18/24 MP: 2/2
   610 | D:1      | Reached XP level 3. HP: 26/29 MP: 3/3
  1605 | D:2      | Found a radiant altar of Vehumet.
  1784 | D:2      | Reached XP level 4. HP: 20/36 MP: 4/4
  1961 | D:3      | Found a white marble altar of Elyvilon.
  1978 | D:3      | Noticed an ogre
  1992 | D:3      | Mangled by an ogre

Vault maps used:
D:1:      evilmike_arrival_run_for_it
D:2:      fiery_altar_vehumet
D:3:      lemuel_crystal_altar

Skill      XL: |  1  2 |
---------------+-------+-----
Throwing       | 2 |  2.7
Dodging        | 3 |  3.4
Fighting       | |  2.1
Axes           | |  3.7

Action                   |  1- 3 |  4- 6 || total
-------------------------+-------+-------++-------
Melee: War axe           |    99 |     9 ||   108
       Tailslap          |     9 |     1 ||    10
 Stab: Sleeping          |     1 |       ||     1
  Eat: Ration            |     1 |       ||     1
       Chunk             |     1 |       ||     1
Armor: Skin              |    34 |     3 ||    37
Dodge: Dodged            |    89 |     9 ||    98

Table legend:
 A = Spawn XP
 B = Non-spawn XP
 C = Spawn XP percentage of total XP
 D = Spawn monster count
 E = Non-spawn monster count
 F = Spawn count percentage of total count
 G = Total turns spent on level
                    A         B        C        D         E        F      G
               +---------+---------+-------+---------+---------+-------+---------
         Total |       0 |     110 |   0.0 |       0 |      37 |   0.0 |  1992
               +---------+---------+-------+---------+---------+-------+---------
           D:1 |       0 |      52 |   0.0 |       0 |      26 |   0.0 |  1034
           D:2 |       0 |      56 |   0.0 |       0 |      10 |   0.0 |   889
           D:3 |       0 |       2 |   0.0 |       0 |       1 |   0.0 |    69
               +---------+---------+-------+---------+---------+-------+---------
